 Dungeon Crawl Stone Soup version 0.26-a0-1181-gd376ed14c5 (webtiles) character file.

Game seed: 16498134433665104326

839 Marmelada09 the Cutter (level 8, -2/48 HPs)
             Began as a Kobold Arcane Marksman on Dec 26, 2020.
             Slain by a bullfrog (4 damage)
             ... on level 5 of the Dungeon.
             The game lasted 00:08:32 (7880 turns).

Marmelada09 the Cutter (Kobold Arcane Marksman)     Turns: 7880, Time: 00:08:32

Health: -2/48      AC:  4    Str:  9    XL:     8   Next: 19%
Magic:  9/9        EV: 15    Int: 15    God:
Gold:   325        SH:  0    Dex: 15    Spells: 8/9 levels left

rFire    . . .     SeeInvis .   b - +1 dagger (venom)
rCold    . . .     Faith    .   (shield restricted)
rNeg     . . .     Spirit   .   n - +0 robe
rPois    .         Reflect  .   (no helmet)
rElec    .         Harm     .   (no cloak)
rCorr    .         Rampage  .   z - +1 pair of gloves
Will     .....                  (no boots)
Stlth    ++........             (no amulet)
HPRegen  0.16/turn              (no ring)
MPRegen  0.11/turn              (no ring)

@: no status effects
A: small, nightstalker 3
a: no special abilities


You were on level 5 of the Dungeon.
You visited 1 branch of the dungeon, and saw 7 of its levels.

You collected 325 gold pieces.

Inventory:

Hand Weapons
 a - a +0 hand crossbow
 b - a +1 dagger of venom (weapon)
Missiles
 d - 27 bolts
 f - 4 silver boomerangs (quivered)
Armour
 e - a +0 robe
 n - a +0 robe (worn)
 o - a +0 pair of gloves
 z - a +1 pair of gloves (worn)
Jewellery
 u - an uncursed ring of fire
Wands
 A - a wand of polymorph (3)
Scrolls
 c - 4 scrolls of remove curse
 g - 8 scrolls of identify
 h - 3 scrolls of magic mapping {unknown}
 i - 2 scrolls of enchant armour {unknown}
 m - 3 scrolls of teleportation {unknown}
 q - 3 scrolls of amnesia {unknown}
 r - 2 scrolls of fear
 y - 2 scrolls of enchant weapon {unknown}
 B - a scroll of silence {unknown}
Potions
 j - a potion of berserk rage
 k - 2 potions of heal wounds
 l - 2 potions of curing
 p - a potion of magic
 s - a potion of mutation {unknown}
 t - 2 potions of degeneration {unknown}
 v - a potion of invisibility {unknown}
 w - a potion of flight {unknown}
 x - 2 potions of might {unknown}
 C - 2 potions of haste {unknown}


   Skills:
 + Level 4.7 Fighting
 * Level 7.7 Short Blades
 + Level 5.8 Crossbows
 - Level 2.4 Dodging
 - Level 1.1 Spellcasting
 - Level 3.0 Hexes


You had 8 spell levels left.
You knew the following spells:

 Your Spells              Type           Power        Failure   Level
a - Corona                Hex            10%          7%          1

Your spell library contained the following spells:

 Spells                   Type           Power        Failure   Level
 Slow                     Hex            9%           11%         2
 Inner Flame              Hex/Fire       5%           36%         3
 Portal Projectile        Hex/Tloc       10%          36%         3
 Cause Fear               Hex            4%           56%         4
 Leda's Liquefaction      Hex/Erth       2%           78%         4


Dungeon Overview and Level Annotations

Branches:
Dungeon (7/15)
 Temple: D:4-7

Altars:
Ashenzari
Cheibriados
Fedhas
Hepliaklqana
Nemelex Xobeh
Qazlal
Trog
Wu Jian
Zin


Innate Abilities, Weirdness & Mutations

You are small and have problems with some larger weapons.
You are completely attuned to the shadows.


Message History

The bullfrog hits you! The orc hits you with a +0 club. The iguana bites you!
You hit the orc.
You kill the orc!
The bullfrog barely misses you. The iguana bites you.
You see here a +0 club.
The bullfrog hits you but does no damage.
The iguana bites you! The bullfrog closely misses you.
There is a stone staircase leading up here.
The bullfrog misses you. The iguana bites you!
* * * LOW HITPOINT WARNING * * *
You climb upwards.
There is a stone staircase leading down here.
The bullfrog hits you.
* * * LOW HITPOINT WARNING * * *
The bullfrog hits you!
* * * LOW HITPOINT WARNING * * *
The bullfrog hits you.
You die...

#.##.###.###.##.###.......#
#.##.# #.# #.##.# ####.####
#.##.###.###.##.######.#
#............##........#
############[########### #.#
####### #.# #.....# #.#
#.#.#.######@# #.........##F####
#...#.....>.l...#
#.....###.#....>###
##..#####...(.....########
#####........#..............####
#...#...######.......##.........
#.......# ##....####.###.###.
#...#...# #....# #.[.......


You could see a bullfrog and an iguana.

Vanquished Creatures
  A phantom (D:6)
  A bullfrog (D:6)
  A scorpion (D:6)
  Dowan (D:5)
  2 electric eels (D:6)
  2 howler monkeys
  A bullfrog zombie (D:6)
  A hound (D:6)
  A centaur skeleton (D:6)
  2 iguanas
  6 worker ants
  A worker ant zombie (D:6)
  6 adders
  2 oozes (D:1)
  3 worms
  2 dart slugs
  4 leopard geckos
  3 orcs
  9 bats
  6 giant cockroaches
  4 goblins
  4 hobgoblins
  5 quokkas
  5 frilled lizards
  8 kobolds
  A leopard gecko skeleton (D:4)
  14 rats
96 creatures vanquished.

Notes
Turn   | Place    | Note
-------+----------+-------------------------------------------
     0 | D:1      | Marmelada09 the Kobold Arcane Marksman began the quest for
                  | the Orb.
     0 | D:1      | Reached XP level 1. HP: 12/12 MP: 2/2
   365 | D:1      | Reached XP level 2. HP: 12/16 MP: 3/3
   485 | D:1      | Reached skill level 1 in Short Blades
   750 | D:1      | Reached XP level 3. HP: 19/21 MP: 4/4
   953 | D:1      | Reached skill level 2 in Short Blades
  1378 | D:2      | Found a glowing silver altar of Zin.
  1832 | D:2      | Reached XP level 4. HP: 26/26 MP: 5/5
  2002 | D:2      | Found a faded altar of an unknown god.
  2192 | D:2      | Reached skill level 3 in Short Blades
  2688 | D:3      | Reached XP level 5. HP: 29/31 MP: 6/6
  2828 | D:3      | Reached skill level 4 in Short Blades
  3301 | D:3      | Found a hazy altar of Hepliaklqana.
  3301 | D:3      | Found a glowing silver altar of Zin.
  3305 | D:3      | Found a bloodstained altar of Trog.
  3311 | D:3      | Found a snail-covered altar of Cheibriados.
  3316 | D:3      | Found a stormy altar of Qazlal.
  3319 | D:3      | Found a sparkling altar of Nemelex Xobeh.
  3418 | D:4      | Reached XP level 6. HP: 16/37 MP: 7/7
  4186 | D:4      | Found a blossoming altar of Fedhas.
  4211 | D:5      | Entered Level 5 of the Dungeon
  4812 | D:5      | Noticed Duvessa
  4814 | D:5      | Noticed Dowan
  4865 | D:5      | Reached skill level 5 in Short Blades
  5109 | D:5      | Killed Dowan
  5167 | D:5      | Noticed Duvessa
  5167 | D:5      | Duvessa changed into Duvessa the worker ant
  5175 | D:5      | Killed Duvessa the worker ant
  5919 | D:6      | Reached XP level 7. HP: 42/42 MP: 8/8
  6028 | D:6      | Reached skill level 6 in Short Blades
  6087 | D:6      | Reached skill level 5 in Crossbows
  6689 | D:6      | Found an ornate altar of the Wu Jian Council.
  7126 | D:6      | Found a broken altar of Ashenzari.
  7139 | D:6      | Reached skill level 7 in Short Blades
  7316 | D:6      | Reached XP level 8. HP: 33/48 MP: 9/9
  7878 | D:5      | HP: 1/48 [bullfrog (7)]
  7880 | D:5      | Slain by a bullfrog

Illustrated notes

Levels and vault maps discovered:
D:1:      nicolae_arrival_somewhat_less_tricky_arrival, layout_basic
D:2:      layout_basic, chequers_ecumenical_altar_island, lemuel_altar_in_water
D:3:      layout_rooms, minmay_overflow_temple_hex, serial_forest,
          infiniplex_forest_lined_1, infiniplex_forest_lined_1,
          infiniplex_forest_end_1, infiniplex_forest_straight_4,
          infiniplex_forest_lined_2, dk_noncrumbling_2
D:4:      layout_cave_pools, kennysheep_little_box
D:5:      layout_loops_corners, uniq_duvessa
D:6:      layout_rooms, nzn_wu_jian_contemplation, evilmike_ruin_ashenzari,
          minivault_14
D:7:      layout_loops_ring, temple_statues

Skill      XL: |  1  2  3  4  5  6  7 |
---------------+----------------------+-----
Crossbows      | 3 4 5 |  5.8
Short Blades   | 1 2 3 4 5 7 |  7.7
Fighting       | 2 3 4 |  4.7
Dodging        | |  2.4
Spellcasting   | |  1.1
Hexes          | |  3.0

Action                   |  1- 3 |  4- 6 |  7- 9 || total
-------------------------+-------+-------+-------++-------
Melee: Dagger            |    65 |   148 |    31 ||   244
       Unarmed           |       |    12 |       ||    12
 Fire: Hand crossbow     |     1 |     9 |    56 ||    66
Throw: Boomerang         |     9 |       |       ||     9
 Cast: Corona            |     2 |       |       ||     2
Evoke: Wand              |       |     3 |       ||     3
  Use: Scroll            |       |     6 |       ||     6
       Potion            |       |     3 |       ||     3
 Stab: Sleeping          |    14 |    16 |       ||    30
Armor: Robe              |     4 |    16 |     7 ||    27
       Skin              |       |     1 |       ||     1
Dodge: Dodged            |    33 |   107 |    57 ||   197

Table legend: (Time is in decaauts)
 A = Elapsed time spent in this place.
 B = Non-inter-level travel time spent in this place.
 C = Inter-level travel time spent in this place.
 D = Time resting spent in this place.
 E = Time spent auto-exploring this place.
 F = Levels seen in this place.
 G = Mean time per level.
                   A        B        C        D        E       F      G
               +--------+--------+--------+--------+--------+-----+--------+
         Total |   7858 |   7611 |    247 |   1754 |   5008 |   7 | 1122.6 |
       Dungeon |   7858 |   7611 |    247 |   1754 |   5008 |   7 | 1122.6 |
               +--------+--------+--------+--------+--------+-----+--------+

Top non-repeatable levels by time:
     D:6: 1836 daAuts
     D:5: 1821 daAuts
     D:1: 1295 daAuts
     D:2: 1221 daAuts
     D:3: 1028 daAuts
     D:4: 650 daAuts
     D:7: 5 daAuts
